 Dungeon Crawl Stone Soup version 0.23.0-28-g6fe0f4d (webtiles) character file.

Game seed: 0

22656 Irenicus the Earth Mage (level 12, -1/88 HPs)
             Began as a Deep Dwarf Earth Elementalist on Feb 25, 2019.
             Was a High Priest of Makhleb.
             Slain by a soul eater (4 damage)
             ... summoned by an orc high priest
             ... on level 1 of the Orcish Mines.
             The game lasted 01:20:35 (8097 turns).

Irenicus the Earth Mage (DDEE)                      Turns: 8097, Time: 01:20:36

Health: -1/88      AC:  8    Str: 13    XL:     12   Next: 64%
Magic:  6/25       EV: 12    Int: 20    God:    Makhleb [*****.]
Gold:   522        SH:  7    Dex: 13    Spells: 16/31 levels left

rFire    + . .     SeeInvis .   l - +3 dagger (speed)
rCold    + . .     Gourm    .   B - +2 buckler
rNeg     + . .     Faith    .   k - +0 leather armour
rPois    .         Spirit   .   (helmet restricted)
rElec    .         Reflect  .   L - scarf {rC+ rF+}
rCorr    .         Harm     .   (no gloves)
MR       +....                  n - +0 pair of boots
Stlth    +++.......             b - amulet of magic regeneration
HPRegen  0.00/turn              E - ring of positive energy {rN+}
MPRegen  0.44/turn              F - +2 ring of protection

@: starving, non-regenerating
A: damage resistance, heal wounds, horns 1, talons 1, icy blue scales 1, sense
surroundings 2, subdued magic 1, no regeneration
a: Heal Wounds, Minor Destruction, Lesser Servant of Makhleb, Major Destruction,
Greater Servant of Makhleb, Renounce Religion


You were on level 1 of the Orcish Mines.
You worshipped Makhleb.
Makhleb was extremely pleased with you.
You were starving.

You visited 3 branches of the dungeon, and saw 14 of its levels.
You also visited: Ossuary.

You collected 970 gold pieces.
You spent 448 gold pieces at shops.

Inventory:

Hand Weapons
 f - a +1 dagger of freezing
   (You found it on level 1 of the Dungeon)
 l - a +3 dagger of speed (weapon)
   (You found it on level 2 of the Dungeon)
 w - a +0 dagger of electrocution
   (You found it on level 7 of the Dungeon)
Missiles
 C - 110 stones (quivered)
Armour
 k - a +0 leather armour (worn)
   (You found it on level 2 of the Dungeon)
 n - a +0 pair of boots (worn)
   (You found it on level 4 of the Dungeon)
 B - a +2 buckler (worn)
   (You found it on level 10 of the Dungeon)
 L - a scarf of resistance (worn)
   (You bought it in a shop on level 11 of the Dungeon)
Magical Staves
 r - an uncursed staff of death {rN+}
   (You found it on level 3 of the Dungeon)
Jewellery
 b - an amulet of magic regeneration (around neck)
   (You found it on level 4 of the Dungeon)
 s - an uncursed ring of protection from magic {MR+, !d}
   (You found it on level 6 of the Dungeon)
 x - a +2 ring of strength
   (You found it on level 7 of the Dungeon)
 E - a ring of positive energy (left hand) {rN+}
   (You found it on level 9 of the Dungeon)
 F - a +2 ring of protection (right hand)
   (You found it on level 10 of the Dungeon)
 K - an uncursed amulet of rage {+Rage, !d}
   (You found it on level 10 of the Dungeon)
Wands
 h - a wand of flame (30)
   (You found it on level 4 of the Dungeon)
 o - a wand of random effects (8)
   (You found it on level 8 of the Dungeon)
 J - a wand of clouds (8)
   (You found it on level 10 of the Dungeon)
 M - a wand of iceblast (7)
   (You found it on level 12 of the Dungeon)
 N - a wand of paralysis (1)
   (You found it on level 12 of the Dungeon)
Scrolls
 a - 4 scrolls of teleportation
 e - a scroll of identify
 g - 13 scrolls of remove curse
 m - a scroll of fog {unknown}
 p - 3 scrolls of amnesia
 q - a scroll of brand weapon {unknown}
 v - 2 scrolls of blinking {unknown}
 y - 2 scrolls of fear {unknown}
 z - a scroll of enchant armour {unknown}
 D - a scroll of immolation {unknown}
Potions
 c - 3 potions of cancellation
 i - 4 potions of curing
 j - 4 potions of agility
 t - 2 potions of flight
 A - a potion of might
 G - a potion of mutation {!q}
 H - a potion of ambrosia
 I - 4 potions of haste
Comestibles
 d - 17 rations


   Skills:
 - Level 5.0 Short Blades
 - Level 2.4 Dodging
 - Level 6.2 Stealth
 - Level 4.0 Shields
 - Level 10.1 Spellcasting
 - Level 4.0 Conjurations
 - Level 6.2 Transmutations
 + Level 16.3 Earth Magic
 - Level 5.0 Evocations


You had 16 spell levels left.
You knew the following spells:

 Your Spells              Type           Power        Failure   Level  Hunger
a - Sandblast             Erth           ######       0%          1    None
c - Petrify               Tmut/Erth      #####...     1%          4    ##.....
w - Passwall              Tmut/Erth      #####...     1%          2    None
x - Stone Arrow           Conj/Erth      #####.       1%          3    None
z - Lee's Rapid Deconstr  Erth           ######....   1%          5    ####...

Your spell library contained the following spells:

 Spells                   Type           Power        Failure   Level  Hunger
 Sting                    Conj/Pois      ##..         2%          1    None
 Conjure Flame            Conj/Fire      ##......     9%          3    None
 Poisonous Vapours        Pois/Air       #.....       11%         2    None
 Mephitic Cloud           Conj/Pois/Air  ##......     13%         3    None
 Olgreb's Toxic Radiance  Pois           #.......     61%         4    ##.....
 Venom Bolt               Conj/Pois      ##........   67%         5    ####...
 Freezing Cloud           Conj/Ice/Air   ##........   100%        6    ######.
 Ring of Flames           Chrm/Fire      #.........   100%        7    #######


Dungeon Overview and Level Annotations

Branches:
Dungeon (12/15)            Temple (1/1) D:4            Lair (0/6) D:11
    Orc (1/2) D:9

Altars:
Gozag
Hepliaklqana
Makhleb
Ru
Sif Muna
Wu Jian
Zin

Shops:
D:11 [

Portals:
Trove: D:12 (show slimy rune of Zot)


Innate Abilities, Weirdness & Mutations

You are resistant to damage.
You can heal yourself by infusing magical energy.
You passively map the area around you.
You do not regenerate.
You have a pair of small horns on your head.
You have sharp toenails.
You are partially covered in icy blue scales. (AC +2)
Your spells are a little easier to cast, but a little less powerful.


Message History

You see here a +0 falchion.
There is a staircase to the Orcish Mines here.
You climb downwards.
Welcome back to the Orcish Mines!
There is a staircase back to the Dungeon, spattered with blood here.
Things that are here:
a +1 antimagic hand axe; an orc skeleton
Things that are here:
a +0 chain mail; a +0 war axe
There is a staircase back to the Dungeon, spattered with blood here.
Aim: an orc priest, wielding a +0 club The blast of sand hits the orc priest!!!
You kill the orc priest!
Makhleb accepts your kill.
You feel better.
C - 112 stones You regained 4 hp, and now have 29/88 hp.
You see here a +0 club.
An orc comes into view. It is wielding a +0 mace.
The orc shouts!
Aim: an orc, wielding a +0 mace and wearing a +0 chain mail The blast of sand hits the orc but does no damage.
C - 111 stones You now have 17/25 mp.
Aim: an orc, wielding a +0 mace and wearing a +0 chain mail The blast of sand hits the orc!
You kill the orc!
Makhleb accepts your kill.
C - 110 stones
Things that are here:
a +0 mace; a +0 chain mail
Aim: an orc high priest, wielding a +0 war axe (hasn't noticed you, chance to defeat MR: 33%)
The orc high priest shouts!
The orc high priest easily resists.
The orc warrior shouts!
The orc high priest mumbles some strange prayers to Beogh.
You now have 14/25 mp.
Aim: an orc high priest, wielding a +0 war axe (chance to defeat MR: 33%)
The orc high priest easily resists.
The orc warrior throws a tomahawk.
The tomahawk closely misses you.
The ynoxinul gestures.
You now have 10/25 mp.
A rock wall.
The wall shatters!
The blast of rock fragments hits the ufetubus!
You kill the ufetubus!
The blast of rock fragments hits the ynoxinul!!
The blast of rock fragments hits the orc high priest!!
The orc shouts!
You hear a shout! x3
The ufetubus misses you.
The ufetubus hits you but does no damage.
You now have 6/25 mp.
The ynoxinul gestures.
The ufetubus closely misses you. x2
The ufetubus hits you but does no damage.
You block the ufetubus's attack.
The ynoxinul gestures.
You block the ufetubus's attack. The ufetubus barely misses you.
The ufetubus hits you but does no damage.
You block the ufetubus's attack. You block the ufetubus's attack.
The ufetubus misses you.
The ufetubus hits you but does no damage.
You block the ufetubus's attack.
The ynoxinul gestures.
The ufetubus barely misses you. x2
The ufetubus disappears in a puff of smoke!
The orc high priest mumbles some strange prayers to Beogh.
You block the ufetubus's attack. The ufetubus barely misses you.
The ufetubus misses you. You block the ufetubus's attack.
The ufetubus hits you but does no damage.
The ufetubus hits you.
You take 2 damage, and have 27/88 hp.
The ufetubus barely misses you. x2
A rock wall.
The wall shatters!
The blast of rock fragments hits the ufetubus!!
You kill the ufetubus!
The blast of rock fragments hits the soul eater!
The blast of rock fragments hits the ufetubus!!
You kill the ufetubus!
The blast of rock fragments hits the ufetubus!!
You kill the ufetubus!
The blast of rock fragments hits the orc high priest!
The blast of rock fragments hits the ufetubus!!
You kill the ufetubus!
The blast of rock fragments hits the ynoxinul!
You kill the ynoxinul!
The ufetubus disappears in a puff of smoke! x4
You are starving!
You now have 6/25 mp.
You don't have the energy to cast that spell.
The mass of ice explodes!
The iceblast engulfs the orc high priest.
The iceblast engulfs the orc warrior.
The orc warrior throws a tomahawk.
The tomahawk hits you!
* * * LOW HITPOINT WARNING * * *
The orc high priest mumbles some strange prayers to Beogh against you.
Beogh smites you!
* * * LOW HITPOINT WARNING * * *
The soul eater hits you!
You die...

#........... ##....>......
######...#....#...
##.#.#.....#...##.[ # ##
#...............#.#
##.#.######.......#.........
#......##..#......#.........
#........#ยง.o.)..(.......
*###.....@3..4.#...)......
##...##....#..[..........
##....####..o........#....
#......####...............
##........#)<>o.........##.
#...........[[.........##..
##..#.....[..#.........###.
##..#.......[.....#.....###
##.......#............#.##


You could see a soul eater, an orc high priest, an orange demon, an orc warrior
and an orc.

Vanquished Creatures
  A hydra (D:12)
  8 two-headed ogres
  An orc high priest (Orc:1)
  A wizard (D:12)
  3 orc sorcerers (Orc:1)
  Pikel (D:5)
  A deep elf mage (D:12)
  An ugly thing (D:11)
  A centaur zombie (D:10)
  Joseph (D:7)
  3 trolls
  6 slime creatures (D:12)
  3 hippogriffs
  Sigmund (D:4)
  2 wraiths
  11 yaks
  Eustachio (D:4)
  A wyvern (D:9)
  2 hogs (D:8)
  2 hungry ghosts
  A human (D:8)
  Menkaure (Ossuary)
  13 orc warriors
  4 black bears
  4 sky beasts
  An eye of draining (D:9)
  A hornet zombie (D:7)
  2 ice beasts
  5 necrophages (D:8)
  4 ogres
  4 phantoms
  4 centaurs
  2 big kobolds
  Blork the orc (D:4)
  6 bullfrogs
  3 scorpions
  6 wights
  15 killer bees
  3 electric eels (D:3)
  4 howler monkeys
  4 crimson imps
  3 bullfrog zombies
  2 jellies
  6 hounds
  10 orc priests
  A bullfrog skeleton (D:5)
  A centaur skeleton (D:7)
  16 orc wizards
  4 iguanas
  5 worker ants
  A killer bee zombie (D:5)
  3 mummies (Ossuary)
  A worker ant zombie (D:7)
  4 gnolls (D:5)
  A howler monkey skeleton (D:5)
  7 adders
  3 shadow imps
  An ooze (D:1)
  An adder skeleton (D:4)
  6 worms
  4 dart slugs (D:1)
  6 leopard geckos
  73 orcs
  7 giant cockroaches
  8 goblins
  8 hobgoblins
  11 jackals
  4 quokkas
  A ball python (D:2)
  7 bats
  6 frilled lizards
  3 gnoll skeletons (Ossuary)
  3 gnoll zombies (Ossuary)
  2 goblin skeletons (Ossuary)
  6 goblin zombies (Ossuary)
  A hobgoblin skeleton (Ossuary)
  A hobgoblin zombie (Ossuary)
  20 kobolds
  3 kobold skeletons (Ossuary)
  6 kobold zombies (Ossuary)
  A leopard gecko zombie (D:8)
  9 orc skeletons (Ossuary)
  2 orc zombies (Ossuary)
  9 rats
  4 rat skeletons (Ossuary)
  5 rat zombies (Ossuary)
425 creatures vanquished.

Vanquished Creatures (others)
  A gnoll zombie (Ossuary)
  A goblin skeleton (Ossuary)
  A kobold zombie (Ossuary)
  An orc skeleton (Ossuary)
  A rat skeleton (Ossuary)
5 creatures vanquished.

Grand Total: 430 creatures vanquished

Notes
Turn   | Place    | Note
-------+----------+-------------------------------------------
     0 | D:1      | Irenicus the Deep Dwarf Earth Elementalist began the quest
                  | for the Orb.
     0 | D:1      | Reached XP level 1. HP: 15/15 MP: 3/3
    53 | D:1      | HP: 2/15 [ooze (3)]
    64 | D:1      | Reached skill level 2 in Spellcasting
    64 | D:1      | Reached XP level 2. HP: 22/22 MP: 0/5
   226 | D:1      | Reached skill level 5 in Earth Magic
   250 | D:1      | Reached XP level 3. HP: 15/28 MP: 2/6
   356 | D:1      | Learned a level 3 spell: Stone Arrow
   641 | D:2      | Reached skill level 6 in Earth Magic
   688 | D:2      | Reached XP level 4. HP: 19/36 MP: 7/7
  1056 | D:3      | Learned a level 2 spell: Passwall
  1135 | D:3      | HP: 9/36 [leopard gecko (1)]
  1140 | D:3      | Reached skill level 1 in Conjurations
  1186 | D:3      | Found a transporter.
  1278 | D:3      | Reached XP level 5. HP: 40/42 MP: 2/8
  1366 | D:3      | Found a transporter.
  1380 | D:3      | Reached skill level 7 in Earth Magic
  1548 | D:3      | HP: 8/42 [electric eel/bolt of electricity (10)]
  1549 | D:3      | Reached skill level 2 in Evocations
  1556 | D:3      | Reached skill level 3 in Evocations
  1556 | D:3      | Reached XP level 6. HP: 38/49 MP: 9/9
  1640 | D:4      | Found a sand-covered staircase.
  1645 | D:4      | Reached skill level 4 in Evocations
  1648 | Ossuary  | Entered an ossuary
  1657 | Ossuary  | Reached skill level 5 in Evocations
  1694 | Ossuary  | Reached skill level 1 in Transmutations
  1938 | Ossuary  | Noticed Menkaure
  1955 | Ossuary  | Killed Menkaure
  1955 | Ossuary  | Reached skill level 2 in Short Blades
  1955 | Ossuary  | Reached XP level 7. HP: 53/55 MP: 3/10
  2112 | D:4      | Noticed Eustachio
  2166 | D:4      | Reached skill level 3 in Short Blades
  2188 | D:4      | HP: 13/55 [white imp/puff of frost[Eustachio] (9)]
  2191 | D:4      | HP: 6/55 [white imp[Eustachio] (1)]
  2201 | D:4      | Reached skill level 4 in Short Blades
  2214 | D:4      | HP: 13/55 [quokka[Eustachio] (4)]
  2226 | D:4      | HP: 11/55 [Eustachio/+0 rapier (2)]
  2232 | D:4      | Killed Eustachio
  2243 | D:4      | Reached skill level 5 in Short Blades
  2342 | D:4      | Learned a level 4 spell: Petrify
  2516 | D:4      | Noticed Blork the orc
  2521 | D:4      | Killed Blork the orc
  2521 | D:4      | Reached skill level 2 in Transmutations
  2521 | D:4      | Reached XP level 8. HP: 29/62 MP: 3/10
  2797 | D:4      | Found a staircase to the Ecumenical Temple.
  2808 | Temple   | Entered the Ecumenical Temple
  2829 | Temple   | Became a worshipper of Makhleb the Destroyer
  2922 | D:4      | Noticed Sigmund
  2934 | D:4      | Killed Sigmund
  2934 | D:4      | Reached skill level 2 in Conjurations
  2934 | D:4      | Reached skill level 3 in Transmutations
  3101 | D:5      | Entered Level 5 of the Dungeon
  3175 | D:5      | Noticed Pikel
  3180 | D:5      | Gained mutation: You have sharp toenails. [potion of
                  | mutation]
  3180 | D:5      | Gained mutation: You have a pair of small horns on your
                  | head. [potion of mutation]
  3180 | D:5      | Gained mutation: Your spells are a little easier to cast,
                  | but a little less powerful. [potion of mutation]
  3180 | D:5      | Gained mutation: You are partially covered in icy blue
                  | scales. (AC +2) [potion of mutation]
  3209 | D:5      | HP: 15/62 [Pikel/+0 whip of freezing (1)]
  3217 | D:5      | Killed Pikel
  3217 | D:5      | Reached skill level 4 in Conjurations
  3217 | D:5      | Reached skill level 4 in Transmutations
  3418 | D:5      | HP: 13/62 [sky beast (2)]
  3422 | D:5      | Reached skill level 5 in Transmutations
  3529 | D:5      | HP: 12/62 [orc/+0 hand axe (1)]
  3531 | D:5      | Gained mutation: You passively map the area around you.
                  | [Deep Dwarf growth]
  3531 | D:5      | Reached XP level 9. HP: 13/68 MP: 0/12
  3567 | D:5      | Reached * piety under Makhleb
  3678 | D:6      | Reached skill level 3 in Spellcasting
  3833 | D:6      | Reached skill level 8 in Earth Magic
  4145 | D:6      | Reached skill level 4 in Spellcasting
  4162 | D:7      | Noticed Joseph
  4189 | D:7      | Killed Joseph
  4189 | D:7      | Reached skill level 3 in Stealth
  4189 | D:7      | Reached skill level 6 in Transmutations
  4315 | D:7      | Reached skill level 4 in Stealth
  4409 | D:7      | Reached skill level 9 in Earth Magic
  4482 | D:7      | Reached skill level 5 in Stealth
  4663 | D:8      | Reached ** piety under Makhleb
  4677 | D:8      | Reached skill level 6 in Stealth
  4789 | D:8      | Reached skill level 10 in Earth Magic
  4789 | D:8      | Reached XP level 10. HP: 37/75 MP: 4/15
  4904 | D:8      | Learned a level 5 spell: Lee's Rapid Deconstruction
  4990 | D:8      | Reached skill level 5 in Spellcasting
  5223 | D:8      | Found a glowing silver altar of Zin.
  5345 | D:8      | Noticed a two-headed ogre
  5380 | D:8      | Killed a two-headed ogre
  5380 | D:8      | Reached skill level 6 in Spellcasting
  5422 | D:8      | Got a pitted quarterstaff
  5423 | D:8      | Identified the +2 quarterstaff "Umotad" {chaos, +Fly Str-3
                  | Dex+4} (You found it on level 8 of the Dungeon)
  5444 | D:8      | Reached *** piety under Makhleb
  5444 | D:8      | Reached skill level 7 in Spellcasting
  5567 | D:9      | Noticed a two-headed ogre
  5568 | D:9      | Reached skill level 8 in Spellcasting
  5584 | D:9      | Killed a two-headed ogre
  5659 | D:9      | Noticed a two-headed ogre
  5670 | D:9      | Killed a two-headed ogre
  5670 | D:9      | Reached XP level 11. HP: 81/81 MP: 20/22
  5685 | D:9      | Reached skill level 9 in Spellcasting
  5773 | D:9      | HP: 19/81 [yak (13)]
  5806 | D:9      | HP: 15/81 [centaur/+0 war axe (8)]
  5849 | D:9      | Found a staircase to the Orcish Mines.
  5996 | D:10     | Entered Level 10 of the Dungeon
  6082 | D:10     | Reached skill level 1 in Shields
  6125 | D:10     | Reached **** piety under Makhleb
  6125 | D:10     | Reached skill level 2 in Shields
  6141 | D:10     | Noticed a two-headed ogre
  6199 | D:10     | Killed a two-headed ogre
  6199 | D:10     | Reached skill level 3 in Shields
  6199 | D:10     | Reached skill level 10 in Spellcasting
  6361 | D:10     | Reached skill level 4 in Shields
  6663 | D:11     | Found Tuninoph's Armour Emporium.
  6674 | D:11     | Bought a scarf of resistance for 448 gold pieces
  6747 | D:11     | Noticed a two-headed ogre
  6757 | D:11     | Killed a two-headed ogre
  6757 | D:11     | Reached skill level 11 in Earth Magic
  6786 | D:11     | Noticed a purple ugly thing
  6811 | D:11     | Killed a purple ugly thing
  6830 | D:11     | Found a sacrificial altar of Ru.
  6852 | D:11     | Noticed a two-headed ogre
  6862 | D:11     | Killed a two-headed ogre
  6862 | D:11     | Reached skill level 12 in Earth Magic
  6965 | D:11     | Found a staircase to the Lair.
  7029 | D:12     | Noticed a six-headed hydra
  7042 | D:12     | Killed a six-headed hydra
  7048 | D:12     | Reached ***** piety under Makhleb
  7076 | D:12     | Reached XP level 12. HP: 64/88 MP: 1/25
  7094 | D:12     | Reached skill level 13 in Earth Magic
  7286 | D:12     | Reached skill level 14 in Earth Magic
  7491 | D:12     | Found a portal to a secret trove of treasure.
  7689 | Orc:1    | Entered Level 1 of the Orcish Mines
  7779 | Orc:1    | Reached skill level 15 in Earth Magic
  7963 | Orc:1    | Noticed an orc high priest
  7979 | Orc:1    | Killed an orc high priest
  7980 | Orc:1    | Noticed a two-headed ogre
  7983 | Orc:1    | Noticed a two-headed ogre
  7990 | Orc:1    | Noticed an orc high priest
  7992 | Orc:1    | HP: 20/88 [orc warrior/+0 morningstar (18)]
  7994 | Orc:1    | Killed a two-headed ogre
  7998 | Orc:1    | Killed a two-headed ogre
  7998 | Orc:1    | Reached skill level 16 in Earth Magic
  8037 | Orc:1    | HP: 10/88 [orc sorcerer/bolt of fire[an orc high priest]
                  | (15)]
  8042 | Orc:1    | HP: 21/88 [orc wizard/puff of flame[an orc high priest]
                  | (4)]
  8097 | Orc:1    | HP: 14/88 [orc warrior/tomahawk[an orc high priest] (13)]
  8097 | Orc:1    | HP: 3/88 [orc high priest/divine providence (11)]
  8097 | Orc:1    | Slain by a soul eater

Skill      XL: |  1  2  3  4  5  6  7  8  9 10 11 12 |
---------------+-------------------------------------+-----
Spellcasting   | 2 4 8 10 | 10.1
Earth Magic    | 5 6 7 10 12 16 | 16.3
Conjurations   | 1 4 |  4.0
Evocations     | 3 5 |  5.0
Transmutations | 1 2 5 6 |  6.2
Short Blades   | 2 5 |  5.0
Stealth        | 6 |  6.2
Shields        | 4 |  4.0
Dodging        | |  2.4

Action                   |  1- 3 |  4- 6 |  7- 9 | 10-12 || total
-------------------------+-------+-------+-------+-------++-------
Melee: Whip              |    31 |       |       |       ||    31
       Dagger            |    40 |   175 |   277 |   249 ||   741
       Headbutt          |       |       |    20 |    49 ||    69
 Cast: Sandblast         |    34 |    43 |    68 |   147 ||   292
       Stone Arrow       |       |     6 |    64 |   122 ||   192
       Passwall          |       |     3 |    41 |    22 ||    66
       Petrify           |       |       |    21 |    57 ||    78
       Lee's Rapid Decon |       |       |       |    27 ||    27
 Abil: Heal Wounds       |     1 |     1 |     3 |       ||     5
Evoke: Wand              |       |    16 |     4 |     9 ||    29
  Use: Potion            |       |     4 |     7 |     5 ||    16
       Scroll            |       |     7 |     7 |     7 ||    21
 Stab: Sleeping          |     7 |     5 |    10 |     7 ||    29
       Petrified         |       |       |    19 |    57 ||    76
       Petrifying        |       |       |     3 |     5 ||     8
       Paralysed         |       |       |       |     2 ||     2
       Distracted        |       |       |       |     1 ||     1
  Eat: Chunk             |       |     5 |    16 |    18 ||    39
       Ration            |       |       |     2 |     2 ||     4
Armor: Robe              |     7 |       |       |       ||     7
       Leather armour    |     4 |    35 |    61 |    84 ||   184
       Skin              |       |       |    53 |    16 ||    69
Dodge: Dodged            |    57 |    95 |   150 |   194 ||   496
Block: Buckler           |       |       |       |    67 ||    67

Levels and vault maps discovered:
D:1:      minmay_arrival_stone_box, layout_loops_cross
D:2:      layout_basic
D:3:      gammafunk_steamed_eel, layout_loops_ring, first_ration,
          grunt_ministairs_1
D:4:      minmay_razor_zed, layout_basic, minmay_temple_entry_tees,
          enter_ossuary_3, minmay_pentomino_pile, uniq_eustachio,
          uniq_blork_the_orc, uniq_sigmund
D:5:      layout_loops_corners, uniq_pikel
D:6:      layout_basic, serial_corexii_hall, corexii_hall_statues_l,
          corexii_hall_statues_deadend, roderic_serpentine_path
D:7:      layout_gridville, uniq_joseph
D:8:      layout_gridville, zin_treasury, serial_undead, serial_undead_d,
          serial_undead_f, serial_undead_e, serial_undead_c, serial_undead_d,
          serial_undead_b, grunt_livestock
D:9:      layout_gridville, orc_0_dummy, chequers_serial_rivers_micro_a
D:10:     layout_layer_cave
D:11:     layout_big_octagon, lair_entry_dummy, serial_shops, shop,
          nicolae_ru_awakened_eye
D:12:     layout_cave_pools, trove_entry_hex_spiral
Temple:   roderic_octagonal_lattice_temple
Orc:1:    layout_caves, minmay_orc_keep, uniq_snorg
Ossuary:  ossuary_due_pyramid

Table legend:
 A = Turns spent in this place as a percentage of turns spent in the entire game.
 B = Non-inter-level travel turns spent in this place as a percentage of non-inter-level travel turns spent in the entire game.
 C = Inter-level travel turns spent in this place as a percentage of turns spent in this place.
 D = Turns resting spent in this place as a percentage of non-inter-level travel turns spent in this place.
 E = Turns spent auto-exploring this place as a percentage of non-inter-level travel turns spent in this place.
 F = Non-inter-level travel turns spent in this place divided by the number of levels of this place that you've seen.
                   A       B       C       D       E      F
               +-------+-------+-------+-------+-------+----------------------
         Total | 100.0 | 100.0 |   1.7 |   0.1 |   0.0 | 530.6
       Dungeon |  90.3 |  90.1 |   1.9 |   0.1 |   0.0 | 597.9
        Temple |   0.5 |   0.6 |   0.0 |   0.0 |   0.0 |  44.0
  Orcish Mines |   4.2 |   4.2 |   0.0 |   0.0 |   0.0 | 338.0
       Ossuary |   5.0 |   5.1 |   0.0 |   0.0 |   0.0 | 402.0
               +-------+-------+-------+-------+-------+----------------------

Table legend:
 A = Kills in this place as a percentage of kills in entire the game.
 B = Kills by you in this place as a percentage of kills by you in the entire game.
 C = Kills by friends in this place as a percentage of kills by friends in the entire game.
 D = Other kills in this place as a percentage of other kills in the entire game.
 E = Experience gained in this place as a percentage of experience gained in the entire game.
 F = Experience gained in this place divided by the number of levels of this place that you have seen.
                   A       B       C       D       E      F
               +-------+-------+-------+-------+-------+----------------------
         Total | 100.0 | 100.0 |   N/A | 100.0 | 100.0 | 2157.7
       Dungeon |  81.3 |  81.5 |   N/A |   0.0 |  81.8 | 2206.2
  Orcish Mines |   7.8 |   7.8 |   N/A |   0.0 |  17.4 | 5629.0
       Ossuary |  10.9 |  10.7 |   N/A | 100.0 |   0.8 | 262.0
               +-------+-------+-------+-------+-------+----------------------
